cohdb
Replays
Latest Replays
All Replays
Popular Replays
Top Player Replays
Match Explorer
How It Works
Community
CoH3 Stats
Reddit
Sign in to upload your games and track your stats! →
Sign in with Steam
Match 43931899
Unlisted
Match 43931899
Overview
Messages
Build Orders
End
Construct Barracks
Selects Heavy Weapons
Riflemen Squad
Riflemen Squad
Construct Weapon Support Center
M1919 Machine Gun Team
Selects M2HB .50cal Heavy Machine Gun
Mechanized Support Center
M3 Armored Personnel Carrier
M3 Armored Personnel Carrier
Selects Assault Carriers
Engineer Squad
Engineer Squad
Construct Medical Station
Engineer Squad
Serial Chiller
bjornagain1963
IRAQI ARMY
bayutrianggono
✠-Ober-✠
德意志第三军团
Cassius
Sobrii
0
0
Comments
sign in to comment!
No comments posted yet!